[Event "*** SCC Grand Prix: Titled Tuesday Blitz"]
[Site "Chess.com"]
[Date "2020.06.02"]
[Round "3"]
[White "ZEN-22"]
[Black "tan275"]
[Result "0-1"]
[WhiteElo "2363"]
[BlackElo "2187"]
[TimeControl "180+1"]
[EndTime "10:27:12 PDT"]
[Termination "tan275 won by checkmate"]

1. e4 c6 2. Bc4 d5 3. Bb3 e5 4.
Nc3 Nf6 5. exd5 cxd5 6. Nf3 Nc6 7.
d4 e4 8. Ne5 Bb4 9. Bg5 O-O 10.
O-O h6 11. Bxf6 Qxf6 12. Nxd5 Qd6 13. Nxc6 bxc6 14. Nxb4 Qxb4 15. c3 Qb6 16. Re1 Bf5 17. f3 Rfe8 18. fxe4 Bxe4 19. Bxf7+ Kxf7 20. Rxe4 Rxe4 21. Qf3+ Kg8 22. Qxe4 Qxb2 23. Qe1 Rf8 24. a4 Qc2 25. a5 Rb8 26. Qe6+ Kh8 27. Qxc6 Rb2 28. h3 Qf2+ 29. Kh1 Re2 30. a6 Kh7 31. Qc7 Qxg2# 0-1

[Event "*** SCC Grand Prix: Titled Tuesday Blitz"]
[Site "Chess.com"]
[Date "2020.06.02"]
[Round "3"]
[White "PauloFanha"]
[Black "korkmaz16"]
[Result "0-1"]
[WhiteElo "1949"]
[BlackElo "2255"]
[TimeControl "180+1"]
[EndTime "10:27:12 PDT"]
[Termination "korkmaz16 won by resignation"]

1. e4 c5 2. Nf3 e6 3. c4 Nc6 4. Nc3 Nf6 5. Be2 d6 6. O-O Be7 7. d4 cxd4 8. Nxd4 O-O 9. Be3 Bd7 10. Qd2 a6 11. Rac1 Nxd4 12. Bxd4 Bc6 13. f3 d5 14. cxd5 exd5 15. e5 Nd7 16. Bd3 Nc5 17. Bb1 Ne6 18. Ne2 Bb5 19. Rfd1 Bxe2 20. Qxe2 Nxd4 21. Rxd4 Qb6 22.
Qd3 g6 23. Kh1 Qxb2 24. Rd1 Rad8 25. Rxd5 Rxd5 26. Qxd5 Rd8 27. Qxd8+ Bxd8 28. Rxd8+ Kg7 29. Rd1 Qxe5 30. Bc2 b5 31. Bb3 a5 32. h3 a4 33. Bd5 Qe2 34. Rd4 Qe1+ 35. Kh2 Qe5+ 0-1

[Event "*** SCC Grand Prix: Titled Tuesday Blitz"]
[Site "Chess.com"]
[Date "2020.06.02"]
[Round "3"]
[White "fridaywins"]
[Black "HansCoolNiemann"]
[Result "0-1"]
[WhiteElo "2235"]
[BlackElo "2813"]
[TimeControl "180+1"]
[EndTime "10:27:13 PDT"]
[Termination "HansCoolNiemann won by resignation"]

1. e4 e6 2. d4 d5 3. Nc3 Nf6 4. e5 Nfd7 5. f4 c5 6. Nf3 Nc6 7. Be3 cxd4 8. Nxd4 Bc5 9. Qd2 O-O 10. O-O-O Bxd4 11. Bxd4 a6 12. h4 b5 13. h5 b4 14. Ne2 a5 15. g4 Ba6 16. Ng3 Bxf1 17. Rdxf1 a4 18. f5 Ndxe5 19. f6 gxf6 20. h6 b3 21. a3 Nxd4 22.
Qxd4 Qc7 23. c3 Qc4 24. Qd2 Qd3 25. Nh5 Qxd2+ 26. Kxd2 Nxg4 27. Nxf6+ Nxf6 28. Rxf6 Kh8 29. Kd3 Rae8 30. Kd4 e5+ 31. Kxd5 e4 32. Re1 Re7 33.
Rf4 f5 34. Kd6 Ree8 35. Kd7 Re5 36. Kd6 Rfe8 37. Re3 R8e6+ 38. Kd7 Rxh6 0-1

[Event "*** SCC Grand Prix: Titled Tuesday Blitz"]
[Site "Chess.com"]
[Date "2020.06.02"]
[Round "3"]
[White "KerryStead"]
[Black "Denis_Palkovich"]
[Result "0-1"]
[WhiteElo "2095"]
[BlackElo "2322"]
[TimeControl "180+1"]
[EndTime "10:27:13 PDT"]
[Termination "Denis_Palkovich won on time"]

1. d4 Nf6 2. f3 d5 3. e4 dxe4 4.
Nc3 exf3 5. Nxf3 Bf5 6. Bc4 e6 7.
O-O Nbd7 8. Ng5 Nb6 9. Bb3 Bg6 10. Bf4 c5 11. dxc5 Bxc5+ 12. Kh1 Qxd1 13. Raxd1 O-O 14. h3 Rad8 15. a4 h6 16. Nf3 Ne4 17. a5 Rxd1 18. Nxd1 Nd5 19. Kh2 Nxf4 20. Ne5 Nd5 21. Re1 Bd6 0-1

[Event "*** SCC Grand Prix: Titled Tuesday Blitz"]
[Site "Chess.com"]
[Date "2020.06.02"]
[Round "3"]
[White "GAusal"]
[Black "Ariadna_Atreides"]
[Result "1/2-1/2"]
[WhiteElo "1994"]
[BlackElo "2043"]
[TimeControl "180+1"]
[EndTime "10:27:14 PDT"]
[Termination "Game drawn by agreement"]

1. e4 c5 2. Nf3 d6 3. d4 cxd4 4.
Nxd4 Nf6 5. Nc3 Nc6 6. Be2 e5 7. Nf3 Be7 8. Bg5 Be6 9. O-O Kf8 10. Bxf6 Bxf6 11. Qd2 Be7 12. Nd5 Rc8 13. Rfd1 Bxd5 14.
exd5 Nb8 15. Bd3 g6 16. Qh6+ Kg8 17. c3 Bf8 18. Qe3 Kg7 19. Qxa7 Qc7 20. Qe3 Nd7 21. h3 h6 22. Nh2 f5 23. f4 e4 24. Bc2 Be7 25. g4 Bf6 26. Rf1 Kf7 27. Rf2 h5 28. g5 Bg7 29. h4 b5 30. a3 Nc5 31.
Nf1 Na4 32. Bb3 1/2-1/2

[Event "*** SCC Grand Prix: Titled Tuesday Blitz"]
[Site "Chess.com"]
[Date "2020.06.02"]
[Round "3"]
[White "Chessmatus"]
[Black "Rakesh"]
[Result "1/2-1/2"]
[WhiteElo "2518"]
[BlackElo "2336"]
[TimeControl "180+1"]
[EndTime "10:27:16 PDT"]
[Termination "Game drawn by agreement"]

1. e4 c5 2. Nf3 e6 3. d4 cxd4 4. Nxd4 a6 5. Bd3 Qc7 6. O-O Nf6 7. Qe2 d6 8. c4 Nc6 9. Nxc6 bxc6 10. Nc3 e5 11. h3 Be6 12. Be3 Rb8 13. Rac1 Qb7 14.
b4 Be7 15. a4 O-O 16. b5 axb5 17. axb5 cxb5 18. cxb5 Rfc8 19. Ra1 Rxc3 20. Ra7 Qc8 21. Rxe7 Rxd3 22. Qxd3 Bc4 23. Qxd6 Bxf1 24. Kxf1 Rxb5 25. Rxe5 Rxe5 26. Qxe5 Qc4+ 27. Kg1 Qxe4 1/2-1/2

[Event "*** SCC Grand Prix: Titled Tuesday Blitz"]
[Site "Chess.com"]
[Date "2020.06.02"]
[Round "3"]
[White "Bigfish1995"]
[Black "LuckSlayeer"]
[Result "1-0"]
[WhiteElo "2996"]
[BlackElo "2451"]
[TimeControl "180+1"]
[EndTime "10:27:20 PDT"]
[Termination "Bigfish1995 won by resignation"]

1. e4 c5 2. Ne2 Nc6 3. Nbc3 e6 4. d4 cxd4 5. Nxd4 Qc7 6. Be3 a6 7. Qf3 Ne5 8. Qg3 h5 9. h4 Nf6 10. Be2 d6 11. a4 b6 12. Nb3 Bb7 13. f3 Nfd7 14. Nd2 g6 15. f4 Nc6 16. f5 Nce5 17. fxe6 fxe6 18. Qh3 O-O-O 19. Qxe6 Kb8 20. a5 Nc5 21.
axb6 Qxb6 22. Bxc5 Qxc5 23. Nb3 Qe3 24. Qh3 Qxh3 25.
Rxh3 Be7 26. Bxa6 Bc6 27. Nd4 Ba8 28. Nd5 Bxd5 29. exd5 Rdf8 30. Ne6 Rf5 31. Rb3+ 1-0

[Event "*** SCC Grand Prix: Titled Tuesday Blitz"]
[Site "Chess.com"]
[Date "2020.06.02"]
[Round "3"]
[White "Forking_U"]
[Black "profofchess"]
[Result "0-1"]
[WhiteElo "2191"]
[BlackElo "2446"]
[TimeControl "180+1"]
[EndTime "10:27:20 PDT"]
[Termination "profofchess won on time"]

1. e4 e6 2. d4 d5 3. Nd2 Nf6 4.
e5 Nfd7 5. Bd3 c5 6. c3 Nc6 7. Ngf3 g6 8. h4 h6 9. Bc2 Bg7 10. Nf1 Qa5 11. a3 cxd4 12. b4 Qb6 13.
cxd4 a5 14. b5 Qxb5 15. Ne3 Nb6 16. Rb1 Qa6 17. Bd3 Nc4 18. Nxc4 dxc4 19. Be4 Bd7 20.
d5 Nxe5 21. dxe6 Qxe6 22. Nd4 Nd3+ 23. Kf1 Qxe4 0-1

[Event "*** SCC Grand Prix: Titled Tuesday Blitz"]
[Site "Chess.com"]
[Date "2020.06.02"]
[Round "3"]
[White "VinzentSpitzl"]
[Black "MatyChess1"]
[Result "0-1"]
[WhiteElo "2385"]
[BlackElo "2591"]
[TimeControl "180+1"]
[EndTime "10:27:22 PDT"]
[Termination "MatyChess1 won by resignation"]

1. e4 e5 2. Nf3 Nc6 3. Bb5 a6 4.
Ba4 g6 5. O-O Bg7 6. c3 Nge7 7. d4 exd4 8. cxd4 b5 9. Bc2 d6 10.
Nc3 O-O 11. Bg5 h6 12. Bh4 Bg4 13. d5 Nd4 14. Bd3 g5 15. Bg3 Bxf3 16. gxf3 Ng6 17. Ne2 Nxf3+ 18. Kh1 Bxb2 19. Rb1 Be5 20. Ng1 Nxg1 21.
Kxg1 Qf6 22. Qg4 Kg7 23. Rfc1 Qe7 24. Rc2 Bxg3 25. hxg3 Ne5 26. Qe2 g4 27. Rbc1 Rac8 28. Qe3 h5 29. Kg2 Rh8 30. Rh1 h4 31. gxh4 Rxh4 32.
Rcc1 Rch8 33. Rxh4 Qxh4 34. Kf1 Qh3+ 35. Ke2 Qxe3+ 0-1

[Event "*** SCC Grand Prix: Titled Tuesday Blitz"]
[Site "Chess.com"]
[Date "2020.06.02"]
[Round "3"]
[White "szefru"]
[Black "thedjoker98"]
[Result "1-0"]
[WhiteElo "2128"]
[BlackElo "2446"]
[TimeControl "180+1"]
[EndTime "10:27:24 PDT"]
[Termination "szefru won by resignation"]

1. e4 e5 2. Nf3 Nc6 3. Bb5 g6 4.
O-O Bg7 5. c3 d6 6. d4 Bd7 7. h3 Nf6 8. Qe2 O-O 9. d5 Ne7 10.
Bxd7 Nxd7 11. c4 a5 12. Nc3 h6 13. Bd2 f5 14. b3 Nc5 15. Rfb1 c6 16. a3 a4 17. b4 Nb3 18. Ra2 Nd4 19. Nxd4 exd4 20. Nd1 Re8 21. exf5 Nxf5 22. Qg4 Qf6 23. dxc6 bxc6 24.
b5 Rab8 25. Rab2 d5 26. cxd5 c5 27. b6 c4 28. Bf4 Rb7 29. Rc1 c3 30. Rb4 Rxb6 31.
Rxa4 Re1+ 32. Kh2 c2 33. Rxc2 Rb1 34. Rd2 h5 35. Qf3 Nh4 36. Qg3 Rexd1 37. Rxd1 Rxd1 38. Bg5 Qe5 39. Bxh4 Qe1 40. Qxg6 Qg1+ 41. Kg3 Rd3+ 42. f3 Qe1+ 43. Kh2 Qxh4 1-0

[Event "*** SCC Grand Prix: Titled Tuesday Blitz"]
[Site "Chess.com"]
[Date "2020.06.02"]
[Round "3"]
[White "beto-betun"]
[Black "vitnik2020"]
[Result "1-0"]
[WhiteElo "2155"]
[BlackElo "2320"]
[TimeControl "180+1"]
[EndTime "10:27:24 PDT"]
[Termination "beto-betun won on time"]

1. d4 Nf6 2. Nf3 c5 3. d5 d6 4. c4 e5 5. Nc3 Nbd7 6. e4 g6 7.
Be2 Nh5 8. O-O Nf4 9. Bxf4 exf4 10. g3 Qf6 11. Nb5 Kd8 12. e5 Nxe5 13. Nxe5 Qxe5 14. Re1 Qf6 15. b4 f3 16. Bxf3 a6 17. Na3 cxb4 18. Nc2 Bg7 19. Rb1 a5 20. c5 Bf5 21. Rc1 Re8 22. Ne3 Be4 23. Bxe4 Rxe4 24. c6 bxc6 25. dxc6 Qd4 26. c7+ Kc8 27. Qxd4 1-0

[Event "*** SCC Grand Prix: Titled Tuesday Blitz"]
[Site "Chess.com"]
[Date "2020.06.02"]
[Round "3"]
[White "blitzking1729"]
[Black "isainz"]
[Result "1-0"]
[WhiteElo "2465"]
[BlackElo "2145"]
[TimeControl "180+1"]
[EndTime "10:27:28 PDT"]
[Termination "blitzking1729 won by resignation"]

1. Nf3 d5 2. c4 e6 3. d4 c6 4. Qc2 Nf6 5. g3 Nbd7 6. Bg2 Bd6 7. O-O O-O 8. b3 b6 9. cxd5 cxd5 10. Qc6 Qc7 11. Qxc7 Bxc7 12. Ba3 Re8 13. Nc3 Ba6 14. Rfc1 Rac8 15. e3 h6 16. Bf1 Bxf1 17. Kxf1 a6 18. Rc2 b5 19. Rac1 Ba5 20. Nxd5 Rxc2 21. Nxf6+ Nxf6 22. Rxc2 Ne4 23. Rc6 Ra8 24. Bb2 Bb4 25. Ke2 a5 26. a3 Bf8 27. Ne5 b4 28. a4 Ra7 29. f3 Ng5 30. h4 Nh7 31. Rc8 Nf6 32.
e4 g6 33. Bc1 Kg7 34. Bxh6+ Kxh6 35. Rxf8 Rc7 36. Rxf7 Rc3 37. Rxf6 1-0

[Event "*** SCC Grand Prix: Titled Tuesday Blitz"]
[Site "Chess.com"]
[Date "2020.06.02"]
[Round "3"]
[White "robertofabregas"]
[Black "ural58"]
[Result "0-1"]
[WhiteElo "2057"]
[BlackElo "2459"]
[TimeControl "180+1"]
[EndTime "10:27:28 PDT"]
[Termination "ural58 won by resignation"]

1. c4 e5 2. Nc3 Nc6 3. Nf3 Bb4 4. Qb3 e4 5. Nxe4 Qe7 6. Nc3 Nf6 7. a3 Bxc3 8. Qxc3 O-O 9. e3 d5 10. Be2 Bg4 11. d4 Ne4 12. Qc2 dxc4 13. Qxc4 Nd6 14. Qc2 Bxf3 15. gxf3 Rfe8 16. b4 Rad8 17. Bb2 Qh4 18. Bb5 Rxe3+ 19. Kd1 Rxf3 20. Bxc6 Rxf2 21. Qc3 bxc6 22. d5 Qg4+ 23. Kc1 Ne4 24. Qxc6 Qe2 25. Ra2 Qe3+ 26. Kb1 Nd2+ 27. Ka1 Nb3+ 28. Kb1 Qe4+ 0-1

[Event "*** SCC Grand Prix: Titled Tuesday Blitz"]
[Site "Chess.com"]
[Date "2020.06.02"]
[Round "3"]
[White "Kolle05"]
[Black "mr65"]
[Result "1-0"]
[WhiteElo "2381"]
[BlackElo "2151"]
[TimeControl "180+1"]
[EndTime "10:27:28 PDT"]
[Termination "Kolle05 won on time"]

1. e4 e5 2. Nf3 Nc6 3. Bb5 a6 4. Ba4 Nf6 5. Qe2 b5 6. Bb3 Be7 7. O-O O-O 8. a4 Bb7 9. d3 d5 10.
c3 dxe4 11. dxe4 b4 12. a5 bxc3 13. bxc3 Nd7 14. Rd1 Qe8 15. Bc4 Nc5 16. Ba3 Ne6 17. Bxe7 Qxe7 18. Bxe6 1-0

[Event "*** SCC Grand Prix: Titled Tuesday Blitz"]
[Site "Chess.com"]
[Date "2020.06.02"]
[Round "3"]
[White "IngOscarArdila"]
[Black "EfM13"]
[Result "1-0"]
[WhiteElo "2088"]
[BlackElo "2294"]
[TimeControl "180+1"]
[EndTime "10:27:28 PDT"]
[Termination "IngOscarArdila won by checkmate"]

1. d4 d6 2. Nf3 g6 3. c4 Bg7 4.
Nc3 Nd7 5. e4 c6 6. Be2 e5 7. d5 Qc7 8. O-O Ngf6 9. h3 O-O 10.
Be3 c5 11. Nb5 Qb8 12. Qd2 a6 13. Nc3 Nh5 14. a3 b6 15. b4 Qc7 16. Rac1 Bh8 17. Bh6 Ng7 18. Bd3 f5 19. Ng5 Nf6 20. f4 exf4 21. Rxf4 Re8 22. Rcf1 Ngh5 23. R4f3 f4 24.
Ne2 cxb4 25. axb4 a5 26. Nxf4 axb4 27. Nxh5 Nxh5 28. Rf8+ Rxf8 29. Rxf8# 1-0

[Event "*** SCC Grand Prix: Titled Tuesday Blitz"]
[Site "Chess.com"]
[Date "2020.06.02"]
[Round "3"]
[White "FabianoCaruana"]
[Black "Biranidun"]
[Result "1-0"]
[WhiteElo "3024"]
[BlackElo "2703"]
[TimeControl "180+1"]
[EndTime "10:27:29 PDT"]
[Termination "FabianoCaruana won by checkmate"]

1. d4 Nf6 2. c4 g6 3. g3 Bg7 4. Bg2 d5 5. cxd5 Nxd5 6. Nc3 Nxc3 7. bxc3 c5 8. e3 Qa5 9. Bd2 O-O 10. Ne2 Nc6 11. O-O Rd8 12. a4 Qa6 13. Re1 Na5 14. Nf4 Rb8 15. Nd5 Kf8 16. e4 Bd7 17. Bg5 Nc6 18.
Rb1 b6 19. e5 Rbc8 20. Qf3 h6 21. e6 hxg5 22. Qxf7# 1-0

[Event "*** SCC Grand Prix: Titled Tuesday Blitz"]
[Site "Chess.com"]
[Date "2020.06.02"]
[Round "3"]
[White "novendrapriasmoro"]
[Black "Dmitry_M1"]
[Result "1-0"]
[WhiteElo "2590"]
[BlackElo "2382"]
[TimeControl "180+1"]
[EndTime "10:27:29 PDT"]
[Termination "novendrapriasmoro won by resignation"]

1. e4 c6 2. d4 d5 3. Nc3 dxe4 4.
Nxe4 Nf6 5. Nxf6+ exf6 6. c3 Bd6 7.
Bd3 O-O 8. Qc2 h6 9. Ne2 Qc7 10. h3 Nd7 11. Bd2 c5 12. O-O-O c4 13. Be4 Re8 14.
g4 Nf8 15. Kb1 Rb8 16. Rhe1 Qa5 17. Ng3 Bd7 18. Nf5 Qc7 19. Nxd6 Qxd6 20. Qc1 Bc6 21.
f3 Bxe4+ 22. fxe4 b5 23. Bf4 Qd8 24. Bxb8 Qxb8 25. Ka1 a5 26. h4 Rc8 27. g5 fxg5 28. hxg5 hxg5 29. Qxg5 b4 30. Rg1 Ng6 31. e5 Re8 32.
Rde1 a4 33. e6 1-0

[Event "*** SCC Grand Prix: Titled Tuesday Blitz"]
[Site "Chess.com"]
[Date "2020.06.02"]
[Round "3"]
[White "ItsCheckM8Mate"]
[Black "mamonika"]
[Result "1-0"]
[WhiteElo "2273"]
[BlackElo "1965"]
[TimeControl "180+1"]
[EndTime "10:27:30 PDT"]
[Termination "ItsCheckM8Mate won by resignation"]

1. d4 d5 2. Nf3 Nf6 3. Bf4 e6 4. e3 Bd6 5. Ne5 O-O 6. Nd2 c5 7.
c3 Nc6 8. Bd3 c4 9. Bc2 Qc7 10.
Ndf3 b5 11. O-O Bb7 12. a3 Nh5 13. Bxh7+ Kh8 14. Ng5 Nf6 15. Qf3 Bxe5 16. dxe5 Nxh7 17. Qh3 1-0

[Event "*** SCC Grand Prix: Titled Tuesday Blitz"]
[Site "Chess.com"]
[Date "2020.06.02"]
[Round "3"]
[White "Forantes"]
[Black "cassoulet"]
[Result "0-1"]
[WhiteElo "2305"]
[BlackElo "2600"]
[TimeControl "180+1"]
[EndTime "10:27:31 PDT"]
[Termination "cassoulet won by resignation"]

1. Nf3 Nf6 2. g3 g6 3. Bg2 Bg7 4. O-O O-O 5. d4 d6 6. c4 Nbd7 7. Nc3 a6 8. Qb3 c5 9. Rd1 cxd4 10. Nxd4 Nc5 11. Qc2 Rb8 12. b4 Ne6 13. Bb2 Nxd4 14. Rxd4 Be6 15. Rad1 Qc7 16. Rh4 Rfc8 17. Nd5 Bxd5 18.
Bxd5 b5 19. Qc3 e6 20. Bf3 bxc4 21. a3 a5 22. g4 d5 23. Qd2 c3 24. Bxc3 Qxc3 25. Qxc3 Rxc3 26. bxa5 Rxa3 27. g5 Nd7 28. Bxd5 exd5 29. Rxd5 Nf8 30. Rc4 Ne6 31. Rc6 Nf4 32.
Rd1 0-1

[Event "*** SCC Grand Prix: Titled Tuesday Blitz"]
[Site "Chess.com"]
[Date "2020.06.02"]
[Round "3"]
[White "rugbyclub"]
[Black "ChronicUnhappiness"]
[Result "1-0"]
[WhiteElo "2111"]
[BlackElo "2305"]
[TimeControl "180+1"]
[EndTime "10:27:31 PDT"]
[Termination "rugbyclub won on time"]

1. c4 Nf6 2. Nc3 e6 3. e4 d5 4. e5 d4 5. exf6 dxc3 6. bxc3 Qxf6 7. d4 c5 8. Nf3 h6 9. Bd3 cxd4 10. O-O dxc3 11.
Qe2 Nc6 12. Rb1 Bc5 13. Re1 O-O 14. Qe4 Qf5 15. Qe2 Qh5 16. h3 Rd8 17. Kh2 a6 18. g4 Ne5 19. gxh5 Nxd3 20. Rd1 Bd6+ 21. Kh1 Nc5 22.
Bf4 1-0

[Event "*** SCC Grand Prix: Titled Tuesday Blitz"]
[Site "Chess.com"]
[Date "2020.06.02"]
[Round "3"]
[White "GMBenjaminBok"]
[Black "Ba_clbaf_osed_ingo_3v21"]
[Result "1-0"]
[WhiteElo "2912"]
[BlackElo "2656"]
[TimeControl "180+1"]
[EndTime "10:27:32 PDT"]
[Termination "GMBenjaminBok won by resignation"]

1. d4 Nf6 2. c4 g6 3. Nf3 Bg7 4. g3 c6 5. Bg2 d5 6. b3 O-O 7.
O-O dxc4 8. bxc4 c5 9. Bb2 cxd4 10. Nxd4 Nc6 11. Nxc6 bxc6 12. Nd2 Qc7 13. Nb3 Rb8 14. Qc1 Bg4 15. Qe3 Nd7 16. Bxg7 Kxg7 17. h3 Be6 18. Nd4 Qe5 19. Nxe6+ fxe6 20. Qxa7 Rfd8 21. Bxc6 Nc5 22. Qxe7+ Kg8 23. Rad1 Rxd1 24. Rxd1 Qxe2 25. Rd8+ Rxd8 26.
Qxd8+ Kf7 27. Qe8+ Kf6 28. Qf8+ 1-0

[Event "*** SCC Grand Prix: Titled Tuesday Blitz"]
[Site "Chess.com"]
[Date "2020.06.02"]
[Round "3"]
[White "SARGISMV"]
[Black "GMTalks_Youtube"]
[Result "0-1"]
[WhiteElo "2417"]
[BlackElo "2678"]
[TimeControl "180+1"]
[EndTime "10:27:32 PDT"]
[Termination "GMTalks_Youtube won by checkmate"]

1. d4 Nf6 2. c4 e6 3. Nc3 Bb4 4. e3 b6 5. Nf3 Bb7 6. Bd2 O-O 7.
Bd3 c5 8. a3 Bxc3 9. Bxc3 d6 10. Qc2 Nbd7 11. O-O cxd4 12. Nxd4 a6 13. Rfd1 Rc8 14.
Qe2 Ne5 15. Rac1 Qe7 16. b3 Nxd3 17. Qxd3 Rfd8 18. Nf3 Ne4 19. Bb2 e5 20. h3 Qf6 21.
Nd2 Qxf2+ 22. Kh1 Ng3+ 23. Kh2 Qxg2# 0-1

[Event "*** SCC Grand Prix: Titled Tuesday Blitz"]
[Site "Chess.com"]
[Date "2020.06.02"]
[Round "3"]
[White "albano87"]
[Black "mohssenbinaddi"]
[Result "0-1"]
[WhiteElo "2442"]
[BlackElo "2075"]
[TimeControl "180+1"]
[EndTime "10:27:32 PDT"]
[Termination "mohssenbinaddi won on time"]

1. Nf3 c6 2. g3 d5 3. Bg2 Bg4 4. O-O Nd7 5. d4 e6 6. Nbd2 Bd6 7. h3 Bf5 8. c4 Ngf6 9. Qb3 Qb6 10. c5 Qxb3 11. axb3 Bc7 12. b4 a6 13. g4 Bc2 14.
Ne1 Bg6 15. Nb3 h5 16. g5 Ne4 17. h4 O-O 18. Na5 Rab8 19. Nd3 Rfe8 20. Bf4 e5 21. dxe5 Nxe5 22. Nxe5 Bxe5 23. Bxe5 Rxe5 24. e3 Re7 25. Rfd1 f6 26. gxf6 Nxf6 27. Ra3 Ng4 28. Bh3 Ne5 29. Bg2 Rf8 30. f4 Ng4 31. Re1 Rxf4 32.
Bh3 Rxb4 0-1

[Event "*** SCC Grand Prix: Titled Tuesday Blitz"]
[Site "Chess.com"]
[Date "2020.06.02"]
[Round "3"]
[White "ChessQueen"]
[Black "Lestofante90"]
[Result "1-0"]
[WhiteElo "2633"]
[BlackElo "2791"]
[TimeControl "180+1"]
[EndTime "10:27:33 PDT"]
[Termination "ChessQueen won by resignation"]

1. e4 c5 2. c3 Nf6 3. e5 Nd5 4. d4 cxd4 5. Nf3 Nc6 6. cxd4 d6 7. Bc4 dxe5 8. Bxd5 Qxd5 9. Nc3 Qd6 10. d5 Nd8 11. O-O a6 12. Re1 f6 13. Ne4 Qb4 14. Bd2 Qb5 15. Bc3 Bf5 16. a4 Qc4 17. Ng3 Bg6 18. Rc1 Rc8 19. Bd2 Qg4 20. Qb3 Bf7 21. Rxc8 Qxc8 22.
Bb4 Qd7 23. Rd1 e6 24. d6 g5 25. Ne4 Bg7 26. Nc5 1-0

[Event "*** SCC Grand Prix: Titled Tuesday Blitz"]
[Site "Chess.com"]
[Date "2020.06.02"]
[Round "3"]
[White "robertxbob"]
[Black "AminMolaei"]
[Result "0-1"]
[WhiteElo "2202"]
[BlackElo "2716"]
[TimeControl "180+1"]
[EndTime "10:27:33 PDT"]
[Termination "AminMolaei won by resignation"]

1. d4 e6 2. c4 b6 3. Nc3 Bb7 4. e4 Bb4 5. Bd3 f5 6. d5 fxe4 7. Bxe4 Nf6 8. Bf3 Bxc3+ 9. bxc3 O-O 10. Ne2 e5 11. Ng3 d6 12. O-O Nbd7 13. Bg5 Qe8 14. Re1 Qg6 15. Be3 Rae8 16. Qd2 e4 17. Be2 Ne5 18.
Bd4 Ba6 19. Rad1 h5 20. Nf1 Nf3+ 21. Bxf3 exf3 22. g3 Bxc4 23. Re3 Ne4 24. Qc2 Qg4 25. Nd2 Nxd2 26. Qxd2 Qh3 27. Rxf3 Rxf3 28. Qg5 Rf7 0-1

[Event "*** SCC Grand Prix: Titled Tuesday Blitz"]
[Site "Chess.com"]
[Date "2020.06.02"]
[Round "3"]
[White "StephenDedalus83"]
[Black "kingnb"]
[Result "1/2-1/2"]
[WhiteElo "2738"]
[BlackElo "2539"]
[TimeControl "180+1"]
[EndTime "10:27:34 PDT"]
[Termination "Game drawn by repetition"]

1. e4 e6 2. d4 d5 3. Nc3 dxe4 4. Nxe4 Bd7 5. Nf3 Bc6 6. Bd3 Nd7 7. O-O Ngf6 8. Ng3 Be7 9. Qe2 Bxf3 10. Qxf3 c6 11. c3 O-O 12. Bd2 Re8 13. Rad1 Qa5 14. Bb1 Rad8 15.
Rfe1 Nf8 16. Ne4 Ng6 17. g3 e5 18. dxe5 Nxe5 19. Nxf6+ Bxf6 20. Qf5 Rxd2 21. Rxd2 Nf3+ 22. Qxf3 Rxe1+ 23. Kg2 Qg5 24. Rd1 Rxd1 25. Qxd1 g6 26. Be4 Qe5 27. Bf3 Qe6 28. Qb3 Qxb3 29. axb3 Kf8 30.
b4 Ke7 31. b5 cxb5 32. Bxb7 b4 33. cxb4 Bxb2 34. b5 Bd4 35. Bc6 Bb6 36. Bf3 f5 37. Be2 Kf6 38. f4 Bc5 39. Bc4 Bb6 40. Kf3 Bg1 41. h3 Bb6 42. g4 fxg4+ 43. hxg4 g5 44.
fxg5+ Kxg5 45. Bd3 h5 46. gxh5 Kxh5 47. Bc4 Kg5 48.
Bd3 Kf6 49. Be2 Ke7 50. Bd3 Kd6 51. Be2 Kc5 52. Bf1 Kb4 53. Be2 Kc5 54. Bf1 Kb4 55. Be2 Kc5 1/2-1/2

[Event "*** SCC Grand Prix: Titled Tuesday Blitz"]
[Site "Chess.com"]
[Date "2020.06.02"]
[Round "3"]
[White "murtas73"]
[Black "bratkoo"]
[Result "1-0"]
[WhiteElo "2666"]
[BlackElo "2406"]
[TimeControl "180+1"]
[EndTime "10:27:35 PDT"]
[Termination "murtas73 won by resignation"]

1. d4 e6 2. c4 d5 3. Nc3 c6 4. e3 Bd6 5. Nf3 f5 6. Be2 Nf6 7. Ne5 Nbd7 8. f4 O-O 9. O-O Ne4 10.
Qc2 Ndf6 11. Bd3 Qe8 12. Rb1 b6 13. b4 c5 14. bxc5 bxc5 15. Nb5 Bb8 16. Ba3 Ba6 17. dxc5 Bxe5 18. fxe5 Ng4 19. Rbe1 Qh5 20. h3 Nxe5 21. c6 Rfc8 22. cxd5 Nxd3 23. Qxd3 Rab8 24. Rb1 Qe8 25. Rfc1 exd5 26. Qxd5+ Qf7 27. Qxf7+ Kxf7 28. Nd4 Rxb1 29.
Rxb1 Rc7 30. Bb4 Bb7 31. Ba5 Rxc6 32. Rxb7+ 1-0

[Event "*** SCC Grand Prix: Titled Tuesday Blitz"]
[Site "Chess.com"]
[Date "2020.06.02"]
[Round "3"]
[White "Twiceblessed"]
[Black "Susal_De_Silva"]
[Result "0-1"]
[WhiteElo "2511"]
[BlackElo "2345"]
[TimeControl "180+1"]
[EndTime "10:27:35 PDT"]
[Termination "Susal_De_Silva won by resignation"]

1. d4 Nf6 2. c4 e6 3. Nf3 b6 4. g3 Bb7 5. Bg2 g6 6. O-O Bg7 7. Nc3 Ne4 8. Nxe4 Bxe4 9. Bg5 Qc8 10. Qd2 O-O 11. Rfd1 d6 12. Rac1 Nd7 13. Qf4 Qb7 14. Bh6 e5 15. Qh4 Bf6 16. Bg5 Bg7 17. Bh6 Bxh6 18. Qxh6 Bxf3 19. Bxf3 e4 20. Bg2 f5 21. h4 Nf6 22. h5 Nxh5 23. g4 Ng7 24. c5 f4 25. Rc3 f3 26. exf3 exf3 27. c6 Qc8 28. Bxf3 Rxf3 29. Rxf3 Qxg4+ 30. Kf1 Qxf3 31. Re1 Rf8 0-1

[Event "*** SCC Grand Prix: Titled Tuesday Blitz"]
[Site "Chess.com"]
[Date "2020.06.02"]
[Round "3"]
[White "Mimsychess"]
[Black "zurzan"]
[Result "1-0"]
[WhiteElo "2254"]
[BlackElo "1912"]
[TimeControl "180+1"]
[EndTime "10:27:35 PDT"]
[Termination "Mimsychess won on time"]

1. e4 Nf6 2. e5 Nd5 3. d4 d6 4. c4 Nb6 5. exd6 cxd6 6. Nc3 g6 7. Be3 Bg7 8. Rc1 O-O 9. b3 Nc6 10. d5 Ne5 11. Be2 e6 12. Nf3 Nxf3+ 13. Bxf3 exd5 14. Nxd5 Be6 15. O-O Nd7 16. Qd2 Ne5 17. Be2 Bg4 18. f3 Be6 19. Rfd1 b6 20. Nf4 Bh6 21. Nxe6 Bxe3+ 22. Qxe3 fxe6 23. f4 Nf7 24. Bf3 Qc7 25. Bxa8 Rxa8 26. Qxe6 Qc5+ 27. Kh1 Rf8 28. Qd5 Qa3 29.
Rc2 Kg7 30. Qd4+ Kh6 31. Qf6 d5 32. Rd3 1-0

[Event "*** SCC Grand Prix: Titled Tuesday Blitz"]
[Site "Chess.com"]
[Date "2020.06.02"]
[Round "3"]
[White "EnergeticHay"]
[Black "grunbergmihai"]
[Result "0-1"]
[WhiteElo "2190"]
[BlackElo "2383"]
[TimeControl "180+1"]
[EndTime "10:27:36 PDT"]
[Termination "grunbergmihai won by resignation"]

1. e4 c5 2. Nf3 Nc6 3. d4 cxd4 4. Nxd4 e6 5. Nc3 a6 6. Be3 Qc7 7. Qf3 Nf6 8. O-O-O h5 9. Nxc6 dxc6 10. e5 Qxe5 11. Bf4 Qa5 12. Bc4 Bb4 13. Qg3 Bxc3 14. bxc3 O-O 15. Bd6 Re8 16. f3 e5 17. Rhe1 Qxc3 18.
Bb3 Be6 19. Bxe5 h4 20. Qg5 Qc5 21. Bxf6 Qxg5+ 22. Bxg5 h3 23. Bxe6 fxe6 24. gxh3 Kf7 25.
Rd7+ Kg6 26. Rd5 exd5 27. Rg1 Kf5 28. Bd2 g6 29. Rg5+ Kf6 30. h4 Re2 31. Kd1 Rxh2 32.
Bf4 0-1